 Dungeon Crawl Stone Soup version 0.31-a0-198-g2ad674f65e (webtiles) character file.

Game seed: 7513580770745839516

151 qw the Skirmisher (level 5, -1/29 HPs)
             Began as a Deep Elf Hunter on June 25, 2023.
             Slain by Pikel
             ... wielding a +1 whip of freezing
              (6 damage)
             ... on level 4 of the Dungeon.
             The game lasted 00:01:03 (2259 turns).

qw the Skirmisher (Deep Elf Hunter)                 Turns: 2259, Time: 00:01:04

Health: -1/29      AC:  7    Str: 10    XL:     5   Next: 11%
Magic:  7/7        EV: 11    Int: 14    God:
Gold:   133        SH:  5    Dex: 18    Spells: 4/4 levels left

rFire   . . .        Y - +0 shortbow
rCold   . . .        (shield currently unavailable)
rNeg    . . .        l - +0 ring mail
rPois   .            g - +0 helmet
rElec   .            i - +0 cloak
rCorr   +            (no gloves)
SInv    +            (no boots)
Will    .....        h - amulet of reflection
Stlth   +            c - ring of resist corrosion
HPRegen 0.24/turn    n - ring of see invisible
MPRegen 0.10/turn

%: reflection
@: about to teleport
A: no striking features
a: no special abilities


You were on level 4 of the Dungeon.
You visited 1 branch of the dungeon, and saw 4 of its levels.

You collected 133 gold pieces.


   Skills:
 - Level 1.5 Fighting
 + Level 8.5 Ranged Weapons
 - Level 2.4 Dodging
 - Level 1.2 Stealth


You had 4 spell levels left.
You didn't know any spells.
Your spell library was empty.

Inventory:

Hand Weapons
 Y - a +0 shortbow (weapon)
Armour
 a - the +2 cloak of Gravitas {Harm rElec Dex+2 SInv}
   (You acquired it on level 1 of the Dungeon)

   Dex:       It affects your dexterity (+2).
   rElec:     It insulates you from electricity.
   SInv:      It lets you see invisible.
   Harm:      It increases damage dealt and taken.
 g - a +0 helmet (worn)
 i - a +0 cloak (worn)
 l - a +0 ring mail (worn)
Jewellery
 c - a ring of resist corrosion (left hand)
 h - an amulet of reflection (around neck)
 n - a ring of see invisible (right hand)
Scrolls
 b - a scroll of identify
 d - a scroll of amnesia {unknown}
Potions
 e - a potion of heal wounds {unknown}
 f - a potion of cancellation {unknown}
 j - 4 potions of curing
 k - a potion of mutation {unknown}
 o - a potion of might {unknown}

Dungeon Overview and Level Annotations

Branches:
Dungeon (4/15)
 Temple: D:4-7

Altars:
Cheibriados
Elyvilon

Annotations:
D:4 Pikel


Message History

You shoot an arrow. The lemure shouts!
The arrow hits the lemure.
The lemure is moderately wounded.
You shoot an arrow. The arrow closely misses the lemure.
The arrow closely misses Pikel.
You shoot an arrow. The arrow hits the lemure.
The lemure is moderately wounded.
You shoot an arrow. The arrow hits the lemure!
The lemure is severely wounded.
An endoplasm comes into view.
You block the lemure's attack.
You shoot an arrow. The arrow hits the lemure.
The lemure is severely wounded.
You shoot an arrow. The arrow hits the lemure!
The lemure is moderately wounded.
The lemure hits you. x2; Pikel closely misses you.
The lemure barely misses you.
You shoot an arrow. The arrow closely misses the lemure.
The lemure barely misses you. The lemure closely misses you.
You block the lemure's attack. Pikel barely misses you.
You shoot an arrow. The arrow hits the lemure.
The lemure is almost dead.
The lemure hits you. x3; Pikel closely misses you.
You shoot an arrow. The arrow closely misses the lemure.
The lemure closely misses you. The lemure hits you but does no damage.
You block Pikel's attack. The lemure hits you but does no damage.
You shoot an arrow. The arrow closely misses the lemure.
The lemure closely misses you. The lemure hits you but does no damage.
The lemure hits you. Pikel closely misses you.
2258 ||| READING scroll of teleportation.
As you read the scroll of teleportation, it crumbles to dust.
You feel strangely unstable. The lemure hits you but does no damage.
The lemure barely misses you. Pikel closely misses you. The lemure hits you.
You shoot an arrow. The arrow hits the lemure.
You kill the lemure!
That felt strangely unrewarding.
The lemure hits you but does no damage.
Pikel hits you with a +1 whip of freezing.
You die...

# #......# #......#
...[..#####
.....#...##.
....#....... # #
#........... ...###
#5KJ........ .P....
#.@5........ ..###
##.......... #
#.......... #......## #
#......###+##+## #
###....#.......# #
...#####....'.......# #
............#.......# #
.#######...##.......###


You could see Pikel, 2 lemures and an endoplasm.

Vanquished Creatures
  2 lemures (D:4)
  Jessica (D:3)
  Terence (D:2)
  2 adders
  A worm (D:3)
  3 dart slugs
  5 orcs
  5 endoplasms
  3 giant cockroaches
  6 goblins
  6 hobgoblins
  A jackal (D:2)
  2 quokkas
  2 ball pythons
  6 bats
  7 frilled lizards
  11 kobolds
  7 rats
71 creatures vanquished.

Notes
Turn   | Place    | Note
-------+----------+-------------------------------------------
     0 | D:1      | qw the Deep Elf Hunter began the quest for the Orb.
     0 | D:1      | Reached XP level 1. HP: 12/12 MP: 3/3
     0 | D:1      | 0 ||| qw: Version: 0.3-a-22-g0ed2b0b
     0 | D:1      | 0 ||| qw: Game counter: 5081
     0 | D:1      | 0 ||| qw: Melee chars always use a shield: true
     0 | D:1      | 0 ||| qw: God list: Okawaru
     0 | D:1      | 0 ||| qw: Allow faded altars: false
     0 | D:1      | 0 ||| qw: Do Orc after clearing Dungeon:15 true
     0 | D:1      | 0 ||| qw: Do second Lair branch before Depths: true
     0 | D:1      | 0 ||| qw: Lair rune preference: random
     0 | D:1      | 0 ||| qw: Goals: Normal
     0 | D:1      | 0 ||| PLANNING D:1-11
    83 | D:1      | Found a faded altar of an unknown god.
    97 | D:1      | Reached XP level 2. HP: 11/16 MP: 4/4
   158 | D:1      | Reached skill level 6 in Ranged Weapons
   674 | D:1      | 674 ||| UPGRADING to +0 cloak.
   679 | D:1      | 679 ||| UPGRADING to +0 ring mail.
   689 | D:1      | 689 ||| DROPPING +0 leather armour.
   690 | D:1      | 690 ||| UPGRADING to amulet of reflection.
   695 | D:1      | 695 ||| READING scroll labelled YGGAIL TEYP.
   696 | D:1      | 696 ||| READING scroll labelled QYCIOH XEDIUVI.
   697 | D:1      | 697 ||| READING scroll labelled FUGAHU PUKKAKKU.
   698 | D:1      | 698 ||| READING scroll labelled WOVUHIA KARHUA.
   698 | D:1      | Identified a scroll of acquirement
   698 | D:1      | 698 ||| ACQUIRING +2 cloak of Gravitas {Harm rElec Dex+2
                  | SInv}
   698 | D:1      | Acquired the +2 cloak of Gravitas {Harm rElec Dex+2 SInv}
   700 | D:1      | 700 ||| READING scroll labelled VOWOSS APSOHE.
   705 | D:1      | 705 ||| DRINKING 3 lumpy dark potions.
   706 | D:1      | 706 ||| DROPPING scroll of butterflies.
   776 | D:2      | Reached XP level 3. HP: 20/20 MP: 5/5
   993 | D:2      | 993 ||| FLEEEEING.
   994 | D:2      | 994 ||| FLEEEEING.
  1011 | D:2      | Reached skill level 7 in Ranged Weapons
  1015 | D:2      | 1015 ||| FLEEEEING.
  1016 | D:2      | 1016 ||| FLEEEEING.
  1017 | D:2      | 1017 ||| FLEEEEING.
  1018 | D:2      | 1018 ||| FLEEEEING.
  1455 | D:2      | 1455 ||| UPGRADING to ring of resist corrosion.
  1456 | D:2      | 1456 ||| READING 2 scrolls labelled RAICEH ZAZXI.
  1474 | D:3      | Noticed Terence
  1489 | D:3      | 1489 ||| STAIRDANCE
  1492 | D:2      | Killed Terence
  1493 | D:2      | Reached XP level 4. HP: 16/25 MP: 6/6
  1761 | D:3      | Noticed Jessica
  1766 | D:3      | Killed Jessica
  1767 | D:3      | Reached skill level 8 in Ranged Weapons
  1920 | D:3      | Reached XP level 5. HP: 29/29 MP: 7/7
  1962 | D:3      | 1962 ||| UPGRADING to +0 helmet.
  1967 | D:3      | 1967 ||| DROPPING amulet of the acrobat.
  1968 | D:3      | 1968 ||| UPGRADING to ring of see invisible.
  1969 | D:3      | 1969 ||| READING scroll labelled JISSUS WUYW.
  1970 | D:3      | 1970 ||| READING scroll labelled TYARCH RADIKI.
  1971 | D:3      | 1971 ||| READING 2 scrolls of identify.
  1971 | D:3      | 1971 ||| IDENTIFYING clear potion
  1972 | D:3      | 1972 ||| DROPPING potion of brilliance.
  1988 | D:4      | Found a snail-covered altar of Cheibriados.
  2074 | D:4      | Found a white marble altar of Elyvilon.
  2198 | D:4      | Noticed a lemure
  2212 | D:4      | Killed a lemure
  2245 | D:4      | Noticed a lemure
  2246 | D:4      | Noticed a lemure
  2246 | D:4      | Noticed Pikel
  2247 | D:4      | Noticed a lemure
  2257 | D:4      | HP: 7/29 [lemure[Pikel] (2)]
  2258 | D:4      | 2258 ||| READING scroll of teleportation.
  2259 | D:4      | Killed a lemure
  2259 | D:4      | Slain by Pikel

Levels and vault maps discovered:
D:1:      ncdulo_watergridlock, layout_basic, hellmonk_ecumenical_altar_lost_god
D:2:      layout_basic, minmay_circle_x
D:3:      layout_rooms, minmay_misc_feat_chi, uniq_terence, uniq_jessica
D:4:      layout_basic, kennysheep_mini_moat, elyvilon_altar_1,
          minmay_temple_entry_from_below_a, nicolae_shop_i_like_small_books_too,
          uniq_blork_the_orc, uniq_pikel

Skill      XL: |  1  2  3  4 |
---------------+-------------+-----
Ranged Weapons | 6 7 8 |  8.5
Fighting       | |  1.5
Dodging        | |  2.4
Stealth        | |  1.2

Action                     |  1- 3 |  4- 6 || total
---------------------------+-------+-------++-------
   Fire: Shortbow          |   130 |    98 ||   228
    Use: Scroll            |     6 |     4 ||    10
         Potion            |     1 |       ||     1
 Armour: Leather armour    |     4 |       ||     4
         Ring mail         |     8 |     9 ||    17
  Dodge: Dodged            |    31 |    19 ||    50
  Block: Other             |    12 |     5 ||    17

Table legend:
 A = Non-vault XP
 B = Vault XP
 C = Vault XP percentage of total XP
 D = Non-vault monster count
 E = Vault monster count
 F = Vault count percentage of total count
                 A         B        C        D         E       F
            +---------+---------+-------+---------+---------+-------
      Total |     134 |      83 |  38.2 |      61 |       8 |  11.6
            +---------+---------+-------+---------+---------+-------
        D:1 |      38 |       0 |   0.0 |      24 |       0 |   0.0
        D:2 |      29 |      46 |  61.3 |      12 |       7 |  36.8
        D:3 |      52 |      37 |  41.6 |      19 |       1 |   5.0
        D:4 |      15 |       0 |   0.0 |       6 |       0 |   0.0
            +---------+---------+-------+---------+---------+-------
